 Dungeon Crawl Stone Soup version 0.24.1-14-gf8d2b509d9 (webtiles) character file.

Game seed: 18365161085294446372, levelgen mode: deterministic

56 Peloso the Skirmisher (level 3, 0/29 HPs)
             Began as a Demonspawn Fighter on May 30, 2020.
             Succumbed to an adder's poison
             ... on level 2 of the Dungeon.
             The game lasted 00:03:22 (1204 turns).

Peloso the Skirmisher (Demonspawn Fighter)          Turns: 1204, Time: 00:03:23

Health: 0/29       AC:  6    Str: 19 (22) XL:     3   Next: 71%
Magic:  3/3        EV:  7    Int:  7 (9)  God:
Gold:   89         SH:  9    Dex: 11 (12) Spells: 2/2 levels left

rFire    . . .     SeeInvis .   a - +0 long sword
rCold    . . .     Gourm    .   c - +0 shield
rNeg     . . .     Faith    .   b - +0 scale mail
rPois    .         Spirit   .   (no helmet)
rElec    .         Reflect  .   (no cloak)
rCorr    .         Harm     .   (no gloves)
MR       .....                  (no boots)
Stlth    ..........             (no amulet)
HPRegen  0.09/turn              (no ring)
MPRegen  0.08/turn              (no ring)

@: mighty, lethally poisoned (0 -> -5)
A: claws 1, demonic guardian 1
a: no special abilities


You were on level 2 of the Dungeon.
You were very hungry.

You visited 1 branch of the dungeon, and saw 2 of its levels.

You collected 89 gold pieces.

Inventory:

Hand Weapons
 a - a +0 long sword (weapon)
Armour
 b - a +0 scale mail (worn)
 c - a +0 shield (worn)
Scrolls
 e - 3 scrolls of magic mapping {unknown}
 g - a scroll of remove curse {unknown}
 h - a scroll of amnesia {unknown}
 j - a scroll of fear {unknown}
 k - a scroll of enchant weapon {unknown}
Potions
 d - a potion of might
 i - a potion of magic
Comestibles
 f - 4 rations


   Skills:
 + Level 3.6 Fighting
 + Level 2.3 Long Blades
 + Level 3.1 Armour
 + Level 0.2 Dodging
 + Level 3.1 Shields


You had 2 spell levels left.
You didn't know any spells.
Your spell library was empty.

Dungeon Overview and Level Annotations

Branches:
Dungeon (2/15)

Altars:


Innate Abilities, Weirdness & Mutations

You have sharp fingernails.
A weak demonic guardian rushes to your aid.


Message History

There was something very wrong with that liquid.
You feel weakened.
You feel dopey.
You feel clumsy. You block the adder's attack.
It was a potion of cancellation.
You feel magically purged. You block the adder's attack. x2
You feel very mighty all of a sudden. You block the adder's attack.
The adder bites you but does no damage.
You miss the adder. You block the adder's attack. The adder closely misses you.
You slash the adder!
The adder is severely wounded.
The adder bites you but does no damage.
You completely miss the adder.
The adder is severely wounded.
The adder bites you.
* * * LOW HITPOINT WARNING * * *
You are lethally poisoned!
The adder poisons you! The adder bites you but does no damage.
You closely miss the adder.
The adder is severely wounded.
You die...

#.............##..
#########.....##..
#.............##..
#.######......##..
#.# #....).##.. #.#
#.#'#..##.. ##.#
#.#.....'.. #..#
#.#######.. ##@#
#..........
##S################
#.s....# ######.#
#.# #.# #.# #.# #.#


You could see an adder and a giant cockroach.

Vanquished Creatures
  2 adders (D:2)
  An ooze (D:1)
  2 worms (D:2)
  A dart slug (D:1)
  3 bats (D:1)
  A giant cockroach (D:1)
  2 goblins
  6 hobgoblins
  A jackal (D:2)
  2 kobolds
  A quokka (D:2)
  A ball python (D:1)
  2 rats
25 creatures vanquished.

Notes
Turn   | Place    | Note
-------+----------+-------------------------------------------
     0 | D:1      | Peloso the Demonspawn Fighter began the quest for the Orb.
     0 | D:1      | Reached XP level 1. HP: 18/18 MP: 1/1
    93 | D:1      | Gained mutation: You have sharp fingernails. [demonic
                  | ancestry]
    93 | D:1      | Reached XP level 2. HP: 13/24 MP: 2/2
   582 | D:2      | Gained mutation: A weak demonic guardian rushes to your
                  | aid. [demonic ancestry]
   582 | D:2      | Reached XP level 3. HP: 14/29 MP: 3/3
  1203 | D:2      | HP: 1/29 [adder (4)]
  1204 | D:2      | Succumbed to an adder's poison

Levels and vault maps discovered:
D:1:      minmay_arrival_semitransparent, layout_loops_cross,
          minmay_misc_feat_five
D:2:      layout_basic

Skill      XL: |  1  2 |
---------------+-------+-----
Long Blades    | 2 |  2.3
Shields        | 3 |  3.1
Armour         | 3 |  3.1
Fighting       | |  3.6
Dodging        | |  0.2

Action                   || total
-------------------------++-------
Melee: Long sword        ||   103
  Use: Potion            ||     6
Armor: Scale mail        ||    59
Dodge: Dodged            ||    32
Block: Shield            ||    55
       Rpst.: Long sword ||    18
